 Dungeon Crawl Stone Soup version 0.30.1-4-g462c640d31 (webtiles) character file.

Game seed: 9774224215116147176

4696 Peloso the Carver (level 10, -2/86 HPs)
             Began as a Minotaur Fighter on Aug 11, 2023.
             Was a Priest of Okawaru.
             Slain by a shadow (6 damage)
             ... while petrified by a catoblepas
             ... on level 11 of the Dungeon.
             The game lasted 00:13:44 (7839 turns).

Peloso the Carver (Minotaur Fighter)                Turns: 7839, Time: 00:13:44

Health: -2/86      AC: 19    Str: 29    XL:     10   Next: 21%
Magic:  9/9        EV:  2    Int:  2    God:    Okawaru [***...]
Gold:   347        SH:  0    Dex: 16    Spells: 9/9 levels left

rFire   . . .        a - +12 falchion of the Orcish Mines {venom, Int-3 Dex+4}
rCold   . . .        d - +0 kite shield
rNeg    + + +        A - +0 plate armour
rPois   ∞            (helmet restricted)
rElec   .            c - +0 cloak
rCorr   .            (no gloves)
SInv    .            (no boots)
Will    .....        (no amulet) Stlth
                     D - +4 ring of protection
HPRegen 0.34/turn    F - +6 ring of strength
MPRegen 0.11/turn

%: no passive effects
@: petrified
A: horns 2, retaliatory headbutt
a: Renounce Religion, Heroism


You were on level 11 of the Dungeon.
You worshipped Okawaru.
Okawaru was most pleased with you.
You visited 2 branches of the dungeon, and saw 10 of its levels.

You collected 536 gold pieces.
You spent 189 gold pieces at shops.

Inventory:

Hand Weapons
 a - the +12 falchion of the Orcish Mines (weapon) {venom, Int-3 Dex+4}
   (You bought it in a shop on level 8 of the Dungeon)

   Int:       It affects your intelligence (-3).
   Dex:       It affects your dexterity (+4).
 b - the +2 spear of Zahuur {speed, rPois Int+4 SInv}
   (You found it on level 6 of the Dungeon)

   Int:       It affects your intelligence (+4).
   rPois:     It protects you from poison.
   SInv:      It lets you see invisible.
Armour
 c - a +0 cloak (worn)
 d - a +0 kite shield (worn)
 A - a +0 plate armour (worn)
Jewellery
 D - a +4 ring of protection (left hand)
 F - a +6 ring of strength (right hand)
Wands
 m - a wand of mindburst (6)
 o - a wand of flame (13)
 x - a wand of acid (26)
 z - a wand of digging (3)
 G - a wand of iceblast (7)
Scrolls
 f - 3 scrolls of magic mapping
 g - 3 scrolls of immolation {unknown}
 i - 4 scrolls of fog
 j - 2 scrolls of enchant weapon {unknown}
 l - 5 scrolls of identify
 n - a scroll of enchant armour {unknown}
 p - 2 scrolls of teleportation {unknown}
 r - a scroll of poison
 s - a scroll of summoning {unknown}
 t - a scroll of torment {unknown}
 y - a scroll of acquirement {unknown}
 C - a scroll of brand weapon {unknown}
 H - 2 scrolls of fear
Potions
 e - 3 potions of ambrosia
 h - 2 potions of flight
 k - 2 potions of brilliance
 q - 2 potions of berserk rage
 u - a potion of might
 v - 2 potions of magic
 w - 2 potions of heal wounds
 B - a potion of haste {unknown}
 E - a potion of curing
 I - a potion of invisibility {unknown}


   Skills:
 + Level 7.5 Fighting
 + Level 11.5 Long Blades
 + Level 9.6 Armour
 + Level 3.5 Dodging
 + Level 0.4 Stealth
 + Level 7.7 Shields
 + Level 1.2 Invocations
 + Level 1.0 Evocations


You had 9 spell levels left.
You didn't know any spells.
Your spell library contained the following spells:

 Spells                   Type           Power      Damage    Failure   Level
 Beastly Appendage        Tmut           0%         N/A       100%        1
 Kiss of Death            Conj/Necr      0%         2d5       100%        1
 Shock                    Conj/Air       0%         1d3       100%        1
 Blink                    Tloc           0%         N/A       100%        2
 Lesser Beckoning         Tloc           0%         N/A       100%        2
 Momentum Strike          Conj/Tloc      0%         3d8       100%        2
 Poisonous Vapours        Pois/Air       0%         N/A       100%        2
 Wereblood                Tmut           0%         N/A       100%        2
 Confusing Touch          Hex            0%         N/A       100%        3
 Frozen Ramparts          Ice            0%         1d1       100%        3
 Mephitic Cloud           Conj/Pois/Air  0%         N/A       100%        3
 Spider Form              Tmut/Pois      0%         N/A       100%        3
 Swiftness                Air            0%         N/A       100%        3
 Airstrike                Air            0%         2d(0-16)  100%        4
 Anguish                  Hex/Necr       0%         N/A       100%        4
 Cause Fear               Hex            0%         N/A       100%        4
 Dispel Undead            Necr           0%         3d6       100%        4
 Ice Form                 Ice/Tmut       0%         N/A       100%        4
 Freezing Cloud           Conj/Ice/Air   0%         6-21      100%        5
 Enfeeble                 Hex            0%         N/A       100%        7
 Summon Ice Beast         Ice/Summ       Unusable   N/A       N/A         4

Dungeon Overview and Level Annotations

Branches:
Dungeon (11/15)            Temple (1/1) D:6
   Lair: D:8-11         Orc: D:9-12

Altars:
Ashenzari
Cheibriados
Dithmenos
Elyvilon
Fedhas
Gozag
Hepliaklqana
Kikubaaqudgha
Makhleb
Nemelex Xobeh
Okawaru
Qazlal
Ru
Sif Muna
Trog
Uskayaw
Vehumet
Wu Jian
Xom
Yredelemnul
Zin
The Shining One

Shops:
D:6 (   D:8 *=


Innate Abilities, Weirdness & Mutations

You have a pair of horns on your head.
You reflexively headbutt those who attack you in melee.


Message History

Unknown command.
Unknown command.
You slash the catoblepas!
You headbutt the catoblepas, but do no damage.
The catoblepas is moderately wounded.
You are engulfed in calcifying dust.
You are slowing down.
The shadow strikes at you from the darkness!
You slash the catoblepas! Your headbutt misses the catoblepas.
The catoblepas is moderately wounded.
You are engulfed in calcifying dust.
Your limbs have turned to stone.
You feel like a meek peon again.
The catoblepas gores you but does no damage.
The shadow strikes at you from the darkness!
Reactivating autopickup.
You have turned to stone.
You are engulfed in calcifying dust.
The catoblepas gores you! The shadow hits you.
You are engulfed in calcifying dust.
The catoblepas gores you but does no damage.
The shadow completely misses you.
The catoblepas breathes a plume of calcifying dust at you.
The blast of calcifying dust hits you. The shadow hits you.
You are engulfed in calcifying dust.
The catoblepas gores you!!
* * * LOW HITPOINT WARNING * * *
The shadow hits you.
You are engulfed in calcifying dust.
The catoblepas gores you!!
* * * LOW HITPOINT WARNING * * *
The shadow hits you.
* * * LOW HITPOINT WARNING * * *
You are engulfed in calcifying dust.
The catoblepas gores you!!
* * * LOW HITPOINT WARNING * * *
The shadow slips into darkness.
The shadow flickers and vanishes!
Deactivating autopickup; reactivate with Ctrl-A.
You are engulfed in calcifying dust.
The catoblepas breathes a plume of calcifying dust at you.
The blast of calcifying dust hits you but does no damage.
The shadow strikes at you from the darkness!
You die...

#.......#
#.......#
#.......#
#.......#
##....###
#####..###
...........#
.........{Y#
..........@#
....>.....§+
..........§#
..........§#
...........#
##+#######


You could see a catoblepas.

Vanquished Creatures
  2 two-headed ogres (D:8)
  Maggie (D:7)
  Sigmund (D:2)
  A water moccasin (D:7)
  4 ice beasts
  A sky beast (D:6)
  2 ogres (D:5)
  3 orc warriors
  A phantom (D:5)
  3 centaurs
  A kobold brigand (D:8)
  4 bullfrogs
  A gnoll sergeant (D:7)
  2 scorpions
  5 wights (D:8)
  5 killer bees (D:7)
  3 hounds
  A gnoll bouda (D:7)
  3 orc priests
  A sleepcap (D:6)
  2 iguanas
  Terence (D:2)
  5 orc wizards
  10 gnolls (D:7)
  7 adders
  5 white imps
  2 ufetubi
  2 worms
  2 dart slugs
  31 orcs
  11 ball pythons
  5 bats (D:1)
  10 endoplasms
  4 giant cockroaches
  4 goblins
  10 hobgoblins
  3 jackals (D:1)
  4 quokkas
  A frilled lizard (D:2)
  11 kobolds
  4 rats
179 creatures vanquished.

Notes
Turn   | Place    | Note
-------+----------+-------------------------------------------
     0 | D:1      | Peloso the Minotaur Fighter began the quest for the Orb.
     0 | D:1      | Reached XP level 1. HP: 19/19 MP: 0/0
    89 | D:1      | Reached XP level 2. HP: 23/27 MP: 1/1
   583 | D:1      | Reached XP level 3. HP: 33/33 MP: 2/2
  1065 | D:1      | Reached skill level 1 in Dodging
  1200 | D:2      | Reached skill level 3 in Long Blades
  1351 | D:2      | Noticed Sigmund
  1367 | D:2      | Killed Sigmund
  1368 | D:2      | Reached skill level 4 in Long Blades
  1368 | D:2      | Reached skill level 5 in Armour
  1368 | D:2      | Reached XP level 4. HP: 12/41 MP: 3/3
  1368 | D:2      | Reached XP level 5. HP: 14/47 MP: 4/4
  1947 | D:2      | Noticed Terence
  1957 | D:2      | Killed Terence
  2219 | D:3      | Found a blossoming altar of Fedhas.
  2238 | D:3      | Reached XP level 6. HP: 44/53 MP: 5/5
  2319 | D:3      | Found a bloodstained altar of Trog.
  2436 | D:3      | Found a hide-covered altar of Uskayaw.
  2507 | D:3      | Found a shimmering altar of Xom.
  2774 | D:3      | Found a radiant altar of Vehumet.
  2894 | D:3      | Reached skill level 5 in Long Blades
  3454 | D:4      | Found a shimmering blue altar of Sif Muna.
  3726 | D:4      | Reached skill level 6 in Long Blades
  3726 | D:4      | Reached XP level 7. HP: 48/60 MP: 6/6
  3772 | D:4      | Found a broken altar of Ashenzari.
  3971 | D:5      | Entered Level 5 of the Dungeon
  4137 | D:5      | Reached skill level 5 in Fighting
  4327 | D:5      | Reached skill level 7 in Long Blades
  4552 | D:6      | Found a staircase to the Ecumenical Temple.
  4593 | Temple   | Entered the Ecumenical Temple
  4676 | Temple   | Became a worshipper of Warmaster Okawaru
  4743 | D:6      | Reached XP level 8. HP: 47/68 MP: 7/7
  4953 | D:6      | Identified the +2 spear of Zahuur {speed, rPois Int+4 SInv}
  4997 | D:6      | Found Qicroatac's Weapon Emporium.
  5170 | D:6      | Reached skill level 5 in Shields
  5281 | D:6      | Reached * piety under Okawaru
  5282 | D:6      | Reached skill level 1 in Evocations
  5374 | D:6      | Reached skill level 8 in Long Blades
  5386 | D:6      | Found a snail-covered altar of Cheibriados.
  5388 | D:6      | Found a glowing golden altar of the Shining One.
  5747 | D:7      | Noticed Maggie
  5765 | D:7      | Killed Maggie
  5765 | D:7      | Reached ** piety under Okawaru
  5766 | D:7      | Reached skill level 9 in Long Blades
  5766 | D:7      | Reached XP level 9. HP: 32/75 MP: 8/8
  6891 | D:8      | Reached skill level 10 in Long Blades
  7051 | D:8      | Found Ipiacuej's Jewellery Shop.
  7231 | D:8      | Found Soxodi's Assorted Antiques.
  7247 | D:8      | Bought a smoking falchion for 168 gold pieces
  7247 | D:8      | Identified the +12 falchion of the Orcish Mines {venom,
                  | Int-3 Dex+4} (You bought it in a shop on level 8 of the
                  | Dungeon)
  7248 | D:8      | Bought a scroll labelled NAOKUW EMEV for 21 gold pieces
  7312 | D:8      | Found an ornate altar of the Wu Jian Council.
  7313 | D:8      | Noticed a two-headed ogre
  7319 | D:8      | Killed a two-headed ogre
  7319 | D:8      | Reached *** piety under Okawaru
  7320 | D:8      | Reached skill level 11 in Long Blades
  7320 | D:8      | Reached skill level 1 in Invocations
  7320 | D:8      | Reached XP level 10. HP: 58/86 MP: 6/9
  7411 | D:8      | Noticed a two-headed ogre
  7419 | D:8      | Killed a two-headed ogre
  7809 | D:8      | You fall into a shaft and drop 3 floors!
  7810 | D:11     | Noticed a catoblepas
  7838 | D:11     | HP: 3/86 [catoblepas (11)]
  7839 | D:11     | Slain by a shadow

Illustrated notes

Levels and vault maps discovered:
D:1:      giann_forest_graveyard, layout_basic, minmay_split_cup_large
D:2:      layout_basic, uniq_sigmund, uniq_terence
D:3:      layout_loops_ring, mainiacjoe_overflow_six_doors_small,
          fedhas_altar_2, lemuel_round_altar, lemuel_crystal_altar,
          lemuel_tele_altar, minmay_misc_feat_doors
D:4:      nicolae_cairo_tiling_large_dashed, layout_basic, led_sif_book,
          old_standard_altar
D:5:      layout_rooms
D:6:      layout_basic, jmf_multi_god_temple, minmay_temple_entry_hall,
          serial_shops, nicolae_shop_hallway_plus
D:7:      layout_rooms, uniq_maggie
D:8:      layout_basic, mainiacjoe_overflow_24_doors, serial_shops,
          nicolae_shop_trees, shop
D:11:     layout_roguey, lair_entry_dummy
Temple:   nicolae_temple_godzebo

Skill      XL: |  1  2  3  4  5  6  7  8  9 |
---------------+----------------------------+-----
Shields        | 4 5 7 |  7.7
Armour         | 4 5 7 8 9 |  9.6
Fighting       | 4 5 6 7 |  7.5
Dodging        | 1 2 3 |  3.5
Long Blades    | 4 6 7 9 11 | 11.5
Evocations     | 1 |  1.0
Invocations    | 1 |  1.2
Stealth        | |  0.4

Action                     |  1- 3 |  4- 6 |  7- 9 | 10-12 || total
---------------------------+-------+-------+-------+-------++-------
  Melee: Long sword        |   105 |   114 |   266 |       ||   485
         Headbutt          |    19 |    13 |    69 |     3 ||   104
         Scimitar          |       |       |    44 |       ||    44
         Falchion          |       |       |     9 |    22 ||    31
 Invoke: Heroism           |       |       |     4 |     2 ||     6
  Evoke: Wand              |       |     2 |     4 |       ||     6
    Use: Scroll            |     3 |     2 |     6 |       ||    11
         Potion            |     3 |       |     3 |       ||     6
 Armour: Scale mail        |    64 |    46 |    12 |       ||   122
         Chain mail        |       |       |    23 |       ||    23
         Plate armour      |       |       |   146 |    28 ||   174
  Dodge: Dodged            |    57 |    56 |   131 |     5 ||   249
  Block: Buckler           |    25 |    14 |    66 |       ||   105
         Kite shield       |       |       |    39 |    17 ||    56
